 Dungeon Crawl Stone Soup version 0.23.0-3-gf3c87f2 (webtiles) character file.

Game seed: 16964787412688588091

264 zishaf the Skirmisher (level 6, -4/67 HPs)
             Began as an Ogre Hunter on Feb 22, 2019.
             Slain by a phantom (6 damage)
             ... on level 3 of the Dungeon.
             The game lasted 00:06:42 (5140 turns).

zishaf the Skirmisher (Ogre Hunter)                 Turns: 5140, Time: 00:06:42

Health: -4/67      AC:  3    Str: 17    XL:     6   Next: 19%
Magic:  6/6        EV:  6    Int: 12    God:
Gold:   217        SH: 11    Dex: 11    Spells: 5/5 levels left

rFire    . . .     SeeInvis .   y - +0 morningstar
rCold    . . .     Gourm    .   a - +0 large shield
rNeg     . . .     Faith    .   b - +0 robe
rPois    .         Spirit   .   (helmet restricted)
rElec    .         Reflect  .   (no cloak)
rCorr    .         Harm     .   (gloves unavailable)
MR       .....                  (boots unavailable)
Stlth    +.........             (no amulet)
HPRegen  0.21/turn              (no ring)
MPRegen  0.10/turn              (no ring)

@: no status effects
A: large, unfitting armour, agile 1, tough skin 1, weak 1
a: no special abilities


You were on level 3 of the Dungeon.
You were not hungry.

You visited 1 branch of the dungeon, and saw 4 of its levels.

You collected 217 gold pieces.

Inventory:

Hand Weapons
 y - a +0 morningstar (weapon)
Missiles
 c - 5 large rocks (quivered)
 d - 2 throwing nets
 g - 5 exploding tomahawks
 m - 81 stones
 v - 14 poisoned needles
Armour
 a - a +0 large shield (worn)
 b - a +0 robe (worn)
Scrolls
 e - 2 scrolls of fog {unknown}
 h - 2 scrolls of enchant armour {unknown}
 j - a scroll of magic mapping {unknown}
 k - a scroll of immolation {unknown}
 l - a scroll of remove curse {unknown}
 o - 3 scrolls of enchant weapon {unknown}
 q - a scroll of noise {unknown}
 s - 5 scrolls of identify {unknown}
 t - a scroll of amnesia {unknown}
 u - a scroll of blinking {unknown}
Potions
 n - a potion of berserk rage {unknown}
 r - a potion of flight {unknown}
 w - a potion of curing {unknown}
Comestibles
 f - 7 rations
 p - 2 chunks of flesh


   Skills:
 + Level 6.0 Fighting
 + Level 2.0 Maces & Flails
 - Level 4.0 Throwing
 + Level 1.1 Armour
 + Level 3.2 Dodging
 - Level 0.6 Stealth


You had 5 spell levels left.
You didn't know any spells.
Your spell library was empty.

Dungeon Overview and Level Annotations

Branches:
Dungeon (4/15)
 Temple: D:4-7

Altars:


Innate Abilities, Weirdness & Mutations

You are too large for most types of armour.
You have tough skin. (AC +1)
You are agile. (Dex +2)
You are weak. (Str -2)


Message History

The magic dart hits you!
* * * LOW HITPOINT WARNING * * *
You closely miss something. Something hits you but does no damage.
Something hits you.
* * * LOW HITPOINT WARNING * * *
You hit something.
Reactivating autopickup.
Your Fighting skill increases to level 6!
You feel a bit more experienced. You block the phantom's attack.
Things that are here:
a +0 dagger; a cursed +0 robe You miss the phantom.
The phantom hits you!
* * * LOW HITPOINT WARNING * * *
You closely miss the phantom. The phantom barely misses you.
The phantom hits you.
* * * LOW HITPOINT WARNING * * *
Things that are here:
a +0 leather armour; a +0 flail You closely miss the phantom.
The phantom hits you.
You die...

####### ##### ########### #.....#
#....
#.........#####.....#####....
#..........)@W..........'....
#####..........##############....
....'........>...................
#####.........W#....#............
#..........#....#..###....###
#..........#....#.#...#..#...
#..........#....#.#.⌠.#..#.⌠.
#########.........#...#≈≈#...
#.........≈###≈≈≈≈###


You could see a phantom.

Vanquished Creatures
  An iguana (D:3)
  Ijyb (D:2)
  An orc wizard (D:3)
  2 worker ants (D:4)
  3 adders
  An ooze (D:2)
  3 worms
  2 dart slugs
  4 leopard geckos
  7 orcs (D:3)
  5 giant cockroaches
  6 hobgoblins
  9 jackals
  3 kobolds
  2 quokkas
  A ball python (D:2)
  12 bats
  3 frilled lizards
  A giant cockroach zombie (D:3)
  14 goblins
  7 rats
88 creatures vanquished.

Notes
Turn   | Place    | Note
-------+----------+-------------------------------------------
     0 | D:1      | zishaf the Ogre Hunter began the quest for the Orb.
     0 | D:1      | Reached XP level 1. HP: 22/22 MP: 1/1
   121 | D:1      | Reached skill level 3 in Fighting
   380 | D:1      | Reached XP level 2. HP: 28/31 MP: 2/2
   588 | D:1      | You fall through a shaft!
   882 | D:2      | Reached skill level 4 in Fighting
   883 | D:2      | Reached XP level 3. HP: 37/39 MP: 3/3
   909 | D:2      | Noticed Ijyb
   949 | D:2      | Killed Ijyb
  1132 | D:2      | Reached XP level 4. HP: 48/49 MP: 4/4
  1688 | D:2      | Reached skill level 1 in Maces & Flails
  1697 | D:2      | Reached skill level 5 in Fighting
  2908 | D:2      | Reached XP level 5. HP: 42/57 MP: 5/5
  3511 | D:3      | Found a faded altar of an unknown god.
  4636 | D:4      | Noticed a phantom
  4952 | D:3      | Reached XP level 6. HP: 40/67 MP: 6/6
  4953 | D:3      | Reached skill level 1 in Armour
  5114 | D:3      | Gained mutation: You are weak. (Str -2) [potion of
                  | mutation]
  5114 | D:3      | Gained mutation: You are agile. (Dex +2) [potion of
                  | mutation]
  5135 | D:3      | Reached skill level 6 in Fighting
  5138 | D:3      | HP: 1/67 [phantom (4)]
  5140 | D:3      | Slain by a phantom

Skill      XL: |  1  2  3  4  5  6 |
---------------+-------------------+-----
Fighting       | 3 4 5 6 |  6.0
Dodging        | 2 3 |  3.2
Maces & Flails | 1 2 |  2.0
Armour         | 1 |  1.1
Throwing       | |  4.0
Stealth        | |  0.6

Action                   |  1- 3 |  4- 6 || total
-------------------------+-------+-------++-------
Melee: Short sword       |    98 |   196 ||   294
       Unarmed           |    23 |       ||    23
       Morningstar       |       |   146 ||   146
Throw: Large rock        |     2 |     5 ||     7
  Use: Potion            |       |     2 ||     2
 Stab: Sleeping          |     2 |     3 ||     5
       Distracted        |     1 |       ||     1
  Eat: Chunk             |     1 |    13 ||    14
Armor: Robe              |    39 |   137 ||   176
Dodge: Dodged            |    71 |   197 ||   268
Block: Large shield      |       |    94 ||    94
